 Dungeon Crawl Stone Soup version 0.20.1-1-g8b1a95d (webtiles) character file.

45 Jazqa the Cudgeler (level 3, -4/33 HPs)
             Began as a Minotaur Berserker on Oct 23, 2017.
             Was a Believer of Trog.
             Slain by a gnoll
             ... wielding a +0 flail
              (15 damage)
             ... on level 2 of the Dungeon.
             The game lasted 00:01:28 (725 turns).

Jazqa the Cudgeler (Minotaur Berserker)              Turns: 725, Time: 00:01:28

Health: -4/33      AC:  2    Str: 21    XL:     3   Next: 42%
Magic:  2/2        EV: 12    Int:  4    God:    Trog [**....]
Gold:   34         SH:  0    Dex: 10    Spells: 2/2 levels left

rFire    . . .     SeeInvis .   a - +0 mace
rCold    . . .     Gourm    .   (no shield)
rNeg     . . .     Faith    .   b - +0 animal skin
rPois    .         Spirit   .   (helmet restricted)
rElec    .         Reflect  .   (no cloak)
rCorr    .         Harm     .   (no gloves)
MR       .....                  (no boots)
Stlth    +.........             (no amulet)
Regen    0.2/turn               (no ring)
MPRegen  0.1/turn               (no ring)

@: berserk cooldown, slowed, very slow
A: retaliatory headbutt, horns 2
a: Berserk, Trog's Hand, Burn Spellbooks, Renounce Religion


You were on level 2 of the Dungeon.
You worshipped Trog.
Trog was pleased with you.
You were not hungry.

You visited 1 branch of the dungeon, and saw 2 of its levels.

You collected 34 gold pieces.


Innate Abilities, Weirdness & Mutations

You reflexively headbutt those who attack you in melee.
You have a pair of horns on your head.


   Skills:
 + Level 3.9 Fighting
 + Level 4.0 Maces & Flails
 + Level 3.7 Armour
 + Level 2.7 Dodging


You had 2 spell levels left.
You didn't know any spells.

Inventory:

Hand Weapons
 a - a +0 mace (weapon)
Armour
 b - a +0 animal skin (worn)
Scrolls
 d - a scroll of remove curse {unknown}
Potions
 e - a potion of lignification {unknown}
 g - a potion of cancellation {unknown}
 h - a potion of degeneration {unknown}
Comestibles
 c - a bread ration {@e1}
 f - 4 fruits {@e2}
 i - a chunk of flesh

Dungeon Overview and Level Annotations

Branches:
Dungeon (2/15)

Altars:

.........
.........
.........
#........
####(.......
##.((K...!...
##..(.†)......
#...g.(.......
#..@hK........
#...g.........
#....g........
#...........$.
#......$......
##......$.....
##.....##....
####### ###


You could see 2 gnolls, a jackal, a goblin and 2 kobolds.


Message History

You kill the bat!
Trog accepts your kill.
The goblin shoots a stone.
The stone barely misses you.
The kobold throws a stone.
The stone hits you but does no damage.
You sock the gnoll!
The gnoll is severely wounded.
The jackal bites you.
* * * LOW HITPOINT WARNING * * *
The jackal bites you.
* * * LOW HITPOINT WARNING * * *
The gnoll closely misses you.
You are too injured to fight recklessly!
The goblin shoots a stone.
The stone closely misses you.
Unknown command.
You feel a strong urge to attack something.
Unknown command.
You are no longer berserk.
You are exhausted.
You feel yourself slow down.
There is a stone staircase leading up here.
You hit the jackal but do no damage.
The jackal bites you but does no damage.
The goblin shoots a stone.
The stone hits you.
* * * LOW HITPOINT WARNING * * *
The jackal bites you but does no damage.
Unknown command.
The jackal closely misses you. The gnoll hits you with a club.
* * * LOW HITPOINT WARNING * * *
The gnoll hits you with a flail!
You die...

Skill      XL: |  1  2  3 |
---------------+----------+-----
Armour         | 3 |  3.7
Maces & Flails | 4 |  4.0
Fighting       | |  3.9
Dodging        | |  2.7

Action                   || total
-------------------------++-------
Melee: Mace              ||    54
       Headbutt          ||     9
Invok: Berserk           ||     1
Armor: Animal skin       ||    18
Dodge: Dodged            ||    41

Vault maps used:
D:1:      minmay_arrival_diagonal_passages, nrook_mini_vaults, st_stairs_11
D:2:      marbit_many_paths, first_bread

Notes
Turn   | Place    | Note
-------+----------+-------------------------------------------
     0 | D:1      | Jazqa the Minotaur Berserker began the quest for the Orb.
     0 | D:1      | Reached XP level 1. HP: 19/19 MP: 0/0
    26 | D:1      | Reached XP level 2. HP: 20/26 MP: 1/1
    53 | D:1      | Reached skill level 3 in Armour
   661 | D:1      | Reached XP level 3. HP: 33/33 MP: 2/2
   717 | D:2      | Reached ** piety under Trog
   718 | D:2      | Reached skill level 4 in Maces & Flails
   725 | D:2      | Slain by a gnoll

Vanquished Creatures
  A gnoll (D:2)
  A worm (D:1)
  2 dart slugs (D:1)
  A giant cockroach (D:1)
  2 goblins (D:1)
  4 hobgoblins (D:1)
  3 jackals (D:2)
  3 bats
  4 frilled lizards (D:1)
  3 kobolds (D:1)
  5 rats (D:1)
29 creatures vanquished.
